 Dungeon Crawl Stone Soup version 0.26.0-10-g1f06aea511 (webtiles) character file.

Game seed: 12221271693576752736

63 Arum the Shield-Bearer (level 4, 0/29 HPs)
             Began as a Gargoyle Fighter on Jan 17, 2021.
             Was an Initiate of Elyvilon.
             Slain by Grinder (4 damage)
             ... while paralysed by Grinder
             ... on level 3 of the Dungeon.
             The game lasted 00:02:03 (2071 turns).

Arum the Shield-Bearer (Gargoyle Fighter)           Turns: 2071, Time: 00:02:04

Health: 0/29       AC: 10    Str: 20    XL:     4   Next: 9%
Magic:  4/4        EV:  2    Int:  9    God:    Elyvilon [......]
Gold:   148        SH:  0    Dex:  9    Spells: 3/3 levels left

rFire    . . .     SeeInvis .   a - +0 flail
rCold    . . .     Faith    .   c - +0 kite shield
rNeg     + . .     Spirit   .   b - +0 scale mail
rPois    ∞         Reflect  .   (no helmet)
rElec    +         Harm     .   (no cloak)
rCorr    .         Rampage  .   (no gloves)
Will     .....                  (no boots)
Stlth    ..........             (no amulet)
HPRegen  0.09/turn              (no ring)
MPRegen  0.09/turn              (no ring)

@: paralysed
A: negative energy resistance 1, electricity resistance, unbreathing,
petrification resistance, miasma immunity, AC +3
a: Renounce Religion


You were on level 3 of the Dungeon.
You worshipped Elyvilon.
Elyvilon was noncommittal.
You visited 1 branch of the dungeon, and saw 3 of its levels.

You collected 148 gold pieces.

Inventory:

Hand Weapons
 a - a +0 flail (weapon)
Armour
 b - a +0 scale mail (worn)
 c - a +0 kite shield (worn)
Scrolls
 g - 2 scrolls of amnesia {unknown}
 h - a scroll of fog {unknown}
 i - a scroll of magic mapping {unknown}
 j - a scroll of random uselessness {unknown}
 k - 4 scrolls of identify {unknown}
 m - a scroll of remove curse {unknown}
Potions
 d - 2 potions of might
 e - a potion of heal wounds
 f - 2 potions of degeneration {unknown}
 l - a potion of haste {unknown}
 n - a potion of mutation {unknown}


   Skills:
 + Level 3.8 Fighting
 + Level 2.7 Maces & Flails
 + Level 3.9 Armour
 + Level 3.9 Shields


You had 3 spell levels left.
You didn't know any spells.
Your spell library was empty.

Dungeon Overview and Level Annotations

Branches:
Dungeon (3/15)

Altars:
Elyvilon
Yredelemnul

Annotations:
D:3 Grinder


Innate Abilities, Weirdness & Mutations

You are resistant to torment.
Your stone body is resilient. (AC +3)
You are immune to poison.
You resist negative energy. (rN+)
You are resistant to electric shocks. (rElec)
You can survive without breathing.
You are immune to petrification.
You are immune to miasma.


Message History

You resist with significant effort.
Unknown command.
You sock Grinder!
Grinder is moderately wounded.
Grinder completely misses you.
Unknown command.
Your shield and scale mail prevent you from hitting Grinder.
Grinder is moderately wounded.
You block Grinder's attack. Grinder gestures at you.
You suddenly lose the ability to move!
Grinder gestures at you.
You shrug off the repeated paralysis!
Grinder hits you.
* * * LOW HITPOINT WARNING * * *
You writhe in agony.
* * * LOW HITPOINT WARNING * * *
Grinder hits you but does no damage. Grinder hits you.
You die...

## .# ###.####
#......# #@5.##.# #
#.#..#.###
#.#[.......#
#........#.#
#.##..####
######..####
#######..........#
...............>...#
.#####.########...#


You could see Grinder.

Vanquished Creatures
  2 adders (D:2)
  An adder zombie (D:2)
  An adder skeleton (D:2)
  A worm (D:2)
  A dart slug (D:2)
  2 leopard geckos (D:1)
  4 bats
  2 giant cockroaches (D:1)
  A goblin (D:2)
  3 hobgoblins
  4 jackals (D:1)
  A kobold (D:1)
  A quokka (D:2)
  2 ball pythons (D:1)
  2 frilled lizards (D:1)
  3 rats
31 creatures vanquished.

Notes
Turn   | Place    | Note
-------+----------+-------------------------------------------
     0 | D:1      | Arum the Gargoyle Fighter began the quest for the Orb.
     0 | D:1      | Reached XP level 1. HP: 14/14 MP: 1/1
   118 | D:1      | Reached XP level 2. HP: 14/19 MP: 2/2
   726 | D:2      | Reached XP level 3. HP: 23/23 MP: 3/3
   926 | D:2      | Found a white marble altar of Elyvilon.
   934 | D:2      | Became a worshipper of Elyvilon the Healer
   983 | D:2      | Found a basalt altar of Yredelemnul.
  1078 | D:2      | Reached XP level 4. HP: 27/29 MP: 4/4
  1486 | D:3      | Noticed Grinder
  1491 | D:3      | Paralysed by Grinder for 7 turns
  1499 | D:3      | Paralysed by Grinder for 4 turns
  1751 | D:3      | Paralysed by Grinder for 4 turns
  1758 | D:3      | Paralysed by Grinder for 7 turns
  2058 | D:3      | Paralysed by Grinder for 2 turns
  2067 | D:3      | Paralysed by Grinder for 7 turns
  2071 | D:3      | Slain by Grinder

Illustrated notes

Levels and vault maps discovered:
D:1:      sevenhm_arrival_forest_fort_small_3, layout_rooms
D:2:      layout_loops_cross, kennysheep_ying_yang, serial_undead,
          serial_undead_b, serial_undead_e, serial_undead_d, serial_undead_e
D:3:      layout_basic, uniq_grinder, uniq_natasha

Action                   |  1- 3 |  4- 6 || total
-------------------------+-------+-------++-------
Melee: Flail             |   111 |    31 ||   142
  Use: Potion            |       |     1 ||     1
Armor: Scale mail        |    50 |    14 ||    64
Dodge: Dodged            |    42 |     8 ||    50
Block: Kite shield       |    61 |     4 ||    65
